 Dungeon Crawl Stone Soup version 0.25-a0-458-g6fc7858b95 (webtiles) character file.

Game seed: 1127161238438729483, levelgen mode: deterministic

13059 Nattfarinn the Unseen (level 12, -9/75 HPs)
             Began as a Kobold Assassin on Feb 2, 2020.
             Was a Believer of Uskayaw.
             Mangled by a manticore (10 damage)
             ... on level 12 of the Dungeon.
             The game lasted 00:35:45 (15975 turns).

Nattfarinn the Unseen (Kobold Assassin)            Turns: 15975, Time: 00:35:45

Health: -9/75      AC:  9    Str:  8    XL:     12   Next: 28%
Magic:  17/17      EV: 20    Int: 16    God:    Uskayaw [**....]
Gold:   546        SH:  0    Dex: 20    Spells: 11/11 levels left

rFire    . . .     SeeInvis +   x - +5 dagger (venom)
rCold    . . .     Gourm    .   (shield restricted)
rNeg     . . .     Faith    .   M - +3 leather armour
rPois    +         Spirit   .   q - +2 hat {SInv}
rElec    .         Reflect  .   s - scarf {cloud immunity}
rCorr    .         Harm     .   R - +0 pair of gloves
MR       .....                  (no boots)
Stlth    ++++++....             (no amulet)
HPRegen  0.22/turn              h - ring of poison resistance
MPRegen  0.15/turn              K - +2 ring of slaying

@: about to teleport
A: small, horns 1, carnivore, clever 1
a: Stomp, Line Pass, Renounce Religion


You were on level 12 of the Dungeon.
You worshipped Uskayaw.
Uskayaw was noncommittal.
You were very full.

You visited 2 branches of the dungeon, and saw 13 of its levels.

You collected 546 gold pieces.

Inventory:

Hand Weapons
 a - a +2 dagger
 l - a +3 dagger
 x - a +5 dagger of venom (weapon)
Missiles
 d - 42 poisoned darts (quivered)
 e - 7 curare-tipped darts
 p - 14 atropa-tipped darts
Armour
 b - a +0 robe
 c - a +0 cloak
 q - a +2 hat of see invisible (worn)
 r - a +0 cloak
 s - a scarf of cloud immunity (worn)
 v - +0 acid dragon scales
 F - a +0 leather armour
 H - a +3 scale mail
 M - a +3 leather armour (worn)
 R - a +0 pair of gloves (worn)
Jewellery
 h - a ring of poison resistance (left hand)
 y - an uncursed ring of protection from magic {unknown}
 A - an uncursed ring of fire
 K - a +2 ring of slaying (right hand)
 P - a +3 ring of protection {unknown}
Wands
 z - a wand of paralysis (10)
 E - a wand of clouds (3)
 O - a wand of polymorph (15)
Scrolls
 g - 7 scrolls of remove curse
 i - a scroll of enchant armour
 j - 3 scrolls of immolation
 n - 4 scrolls of teleportation
 o - 2 scrolls of magic mapping
 u - a scroll of brand weapon {unknown}
 I - a scroll of amnesia
 N - a scroll of fog
Potions
 k - a potion of flight
 m - a potion of agility
 t - a potion of heal wounds {unknown}
 w - a potion of lignification {unknown}
 B - 2 potions of brilliance
 C - a potion of invisibility {unknown}
 D - a potion of cancellation {unknown}
 G - 3 potions of haste
 J - a potion of mutation
 L - 3 potions of berserk rage
Comestibles
 f - 16 rations


   Skills:
 - Level 8.8 Fighting
 - Level 10.0 Short Blades
 - Level 2.1 Throwing
 + Level 4.6 Armour
 + Level 7.7 Dodging
 - Level 15.6 Stealth
 * Level 7.6 Invocations


You had 11 spell levels left.
You didn't know any spells.
Your spell library contained the following spells:

 Spells                   Type           Power        Failure   Level  Hunger
 Beastly Appendage        Tmut           #.....       34%         1    ##.....
 Corona                   Hex            #......      34%         1    ##.....
 Freeze                   Ice            #...         34%         1    ##.....
 Ensorcelled Hibernation  Hex/Ice        #.....       45%         2    ###....
 Sticks to Snakes         Tmut           #.......     45%         2    ###....
 Confusing Touch          Hex            #.......     71%         3    ####...
 Dazzling Flash           Conj/Hex       #.....       71%         3    ####...
 Ozocubu's Armour         Chrm/Ice       #.......     71%         3    ####...
 Recall                   Summ/Tloc      N/A          71%         3    ####...
 Spider Form              Tmut/Pois      #.........   71%         3    ####...
 Tukima's Dance           Hex            #.......     71%         3    ####...
 Animate Dead             Necr           N/A          98%         4    #####..
 Hailstorm                Conj/Ice       #.......     98%         4    #####..
 Ice Form                 Ice/Tmut       #.......     98%         4    #####..
 Summon Ice Beast         Ice/Summ       #.......     98%         4    #####..
 Blade Hands              Tmut           #.........   100%        5    ######.
 Borgnjor's Vile Clutch   Necr/Erth      #.........   100%        5    ######.
 Death Channel            Necr           #.........   100%        6    #######
 Simulacrum               Ice/Necr       #.........   100%        6    #######


Dungeon Overview and Level Annotations

Branches:
Dungeon (12/15)            Temple (1/1) D:6            Lair (0/6) D:9
    Orc (0/2) D:10

Altars:
Ashenzari
Cheibriados
Dithmenos
Elyvilon
Fedhas
Gozag
Hepliaklqana
Kikubaaqudgha
Makhleb
Nemelex Xobeh
Okawaru
Qazlal
Ru
Sif Muna
Trog
Uskayaw
Vehumet
Wu Jian
Xom
Yredelemnul
Zin
The Shining One

Shops:
D:6 %

Annotations:
D:3 1 runed translucent door, Crazy Yiuf


Innate Abilities, Weirdness & Mutations

You are small and have problems with some larger weapons.
You are carnivorous and can eat meat at any time.
You have a pair of small horns on your head.
Your mind is acute. (Int +2)


Message History

You hit the manticore.
The manticore looks as sick as possible!
The manticore is heavily wounded.
You can now pass through a line of other dancers.
As you read the scroll of teleportation, it crumbles to dust.
You feel strangely unstable. The manticore barely misses you.
The manticore claws you.
* * * LOW HITPOINT WARNING * * *
The manticore claws you but does no damage.
You hit the manticore.
The manticore is severely wounded.
The manticore bites you!
* * * LOW HITPOINT WARNING * * *
The manticore claws you!
* * * LOW HITPOINT WARNING * * *
The manticore closely misses you.
It was a potion of mutation.
You feel extremely strange. A pair of horns grows on your head!
You feel clever. The manticore bites you!
You die...

## ### .# ..#######.#
####### .....##...#
......# #.##.....######
......#
#.............###......#
##^.###.#####...#†.....#
.....##.# ###.@H.#
.###.##.# #.......# .#
.##.# #..###.#.# .#..#
#.## .. .#.## #. ... .#.
#. .. ^. . . .. ..


You could see a manticore.

Vanquished Creatures
  Gastronok (D:8)
  A tengu warrior (D:12)
  Pikel (D:5)
  4 ugly things
  2 komodo dragons
  A freezing wraith (D:10)
  A troll (D:11)
  Grinder (D:5)
  3 slime creatures (D:12)
  A hippogriff (D:11)
  Sigmund (D:6)
  3 yaks
  A wraith (D:11)
  A spriggan (D:12)
  A shadow (D:10)
  A wyvern (D:9)
  A basilisk (D:9)
  3 hungry ghosts
  3 vampire mosquitoes (D:10)
  2 acid dragons
  A water moccasin (D:8)
  An orc warrior (D:10)
  2 sky beasts (D:11)
  4 ogres
  2 black bears (D:8)
  3 ice beasts
  5 centaurs
  3 crocodiles
  A big kobold (D:12)
  8 bullfrogs
  A gnoll sergeant (D:7)
  A scorpion (D:11)
  6 killer bees (D:11)
  7 wights
  9 howler monkeys
  A centaur zombie (D:5)
  2 bullfrog zombies
  3 crimson imps
  2 hounds
  3 bullfrog skeletons
  2 jellies
  8 orc wizards
  3 orc priests
  2 iguanas
  Natasha (thrice) (D:3)
  6 worker ants
  2 killer bee zombies
  2 hound zombies
  A howler monkey zombie (D:6)
  Robin (D:3)
  4 gnolls (D:7)
  18 adders
  A howler monkey skeleton (D:8)
  2 adder skeletons
  An adder zombie (D:5)
  3 worms (D:2)
  2 dart slugs (D:2)
  9 leopard geckos
  26 orcs
  7 bats
  A bat zombie (D:7)
  5 giant cockroaches
  18 goblins
  14 hobgoblins
  2 jackals (D:7)
  14 kobolds
  7 quokkas
  3 frilled lizards
  A jackal skeleton (D:6)
  A leopard gecko zombie (D:7)
  6 rats
  4 rat zombies (D:7)
  A plant (D:6)
278 creatures vanquished.

Vanquished Creatures (others)
  3 slaves (D:5)
  A crimson imp (D:5)
  A centaur zombie (D:5)
5 creatures vanquished.

Grand Total: 283 creatures vanquished

Notes
Turn   | Place    | Note
-------+----------+-------------------------------------------
     0 | D:1      | Nattfarinn the Kobold Assassin began the quest for the Orb.
     0 | D:1      | Reached XP level 1. HP: 12/12 MP: 1/1
    99 | D:1      | Reached XP level 2. HP: 18/18 MP: 2/2
   414 | D:1      | Reached skill level 6 in Stealth
   801 | D:2      | Reached XP level 3. HP: 22/22 MP: 3/3
  1153 | D:2      | Reached XP level 4. HP: 24/27 MP: 4/4
  1265 | D:2      | Found an iron altar of Okawaru.
  2190 | D:2      | Reached XP level 5. HP: 32/32 MP: 5/5
  2410 | D:2      | Found a shimmering blue altar of Sif Muna.
  2609 | D:2      | Found a shattered altar of Ashenzari.
  2849 | D:3      | Reached skill level 7 in Stealth
  3115 | D:3      | Noticed Natasha
  3135 | D:3      | Killed Natasha
  3198 | D:3      | Noticed Natasha
  3207 | D:3      | Killed Natasha
  3388 | D:3      | Reached XP level 6. HP: 13/37 MP: 6/6
  3498 | D:3      | Noticed Natasha
  3507 | D:3      | Killed Natasha
  3507 | D:3      | Reached skill level 5 in Short Blades
  3942 | D:3      | Noticed Robin
  3951 | D:3      | Killed Robin
  4617 | D:3      | Found a runed translucent door.
  4618 | D:3      | Noticed Crazy Yiuf
  4735 | D:4      | Noticed an ogre
  4757 | D:4      | Killed an ogre
  4757 | D:4      | Reached skill level 8 in Stealth
  4757 | D:4      | Reached XP level 7. HP: 16/42 MP: 7/7
  5029 | D:4      | Found a shimmering altar of Xom.
  5182 | D:4      | Found a radiant altar of Vehumet.
  5242 | D:4      | Found an ornate altar of the Wu Jian Council.
  5486 | D:5      | Entered Level 5 of the Dungeon
  5599 | D:5      | Noticed Pikel
  5618 | D:5      | Killed Pikel
  5618 | D:5      | Reached skill level 9 in Stealth
  5618 | D:5      | Reached XP level 8. HP: 41/48 MP: 8/8
  5781 | D:5      | Found a sacrificial altar of Ru.
  6000 | D:5      | Noticed Grinder
  6021 | D:5      | Paralysed by Grinder for 7 turns
  6029 | D:5      | Killed Grinder
  6029 | D:5      | Reached skill level 5 in Fighting
  6029 | D:5      | Reached skill level 10 in Stealth
  6519 | D:6      | Found Wup Veph's Food Emporium.
  6521 | D:6      | Noticed Sigmund
  6574 | D:6      | Killed Sigmund
  6574 | D:6      | Reached XP level 9. HP: 45/54 MP: 9/9
  6709 | D:6      | Reached skill level 11 in Stealth
  7475 | D:6      | Found a staircase to the Ecumenical Temple.
  7642 | Temple   | Entered the Ecumenical Temple
  8004 | D:7      | Reached skill level 10 in Short Blades
  8137 | D:7      | Reached skill level 12 in Stealth
  8639 | D:7      | Found an ancient bone altar of Kikubaaqudgha.
  8682 | D:8      | Found a glowing golden altar of the Shining One.
  8691 | D:8      | Found a basalt altar of Yredelemnul.
  8985 | D:8      | Noticed Gastronok
  9055 | D:8      | Reached skill level 13 in Stealth
  9105 | D:8      | Reached XP level 10. HP: 40/63 MP: 10/10
  9892 | D:8      | Reached skill level 14 in Stealth
 10340 | D:8      | Killed Gastronok
 10340 | D:8      | Reached skill level 15 in Stealth
 10668 | D:8      | Noticed an angel
 10837 | D:9      | Reached XP level 11. HP: 66/69 MP: 11/11
 10869 | D:9      | Reached skill level 1 in Armour
 11329 | D:9      | Noticed a +0 dagger
 11329 | D:9      | Noticed a +0 dagger
 11331 | D:9      | Found a hide-covered altar of Uskayaw.
 11340 | D:9      | Became a worshipper of Uskayaw the Reveler
 11496 | D:9      | Reached * piety under Uskayaw
 11617 | D:9      | Reached skill level 1 in Invocations
 11758 | D:9      | Reached skill level 5 in Dodging
 12178 | D:9      | Reached ** piety under Uskayaw
 12427 | D:9      | Found a staircase to the Lair.
 12491 | D:10     | Entered Level 10 of the Dungeon
 12617 | D:10     | Noticed a brown ugly thing
 13143 | D:10     | Killed a brown ugly thing
 13323 | D:10     | Found a staircase to the Orcish Mines.
 13374 | D:10     | Reached *** piety under Uskayaw
 13380 | D:10     | Reached **** piety under Uskayaw
 13384 | D:10     | Reached ***** piety under Uskayaw
 13963 | D:11     | Noticed a purple ugly thing
 14129 | D:11     | HP: 1/69 [purple ugly thing (16)]
 14137 | D:11     | Killed a purple ugly thing
 14395 | D:11     | Reached skill level 5 in Invocations
 14765 | D:11     | Noticed a purple ugly thing
 14772 | D:11     | Killed a purple ugly thing
 14944 | D:11     | Noticed a purple ugly thing
 14948 | D:11     | Killed a purple ugly thing
 15051 | D:11     | Reached XP level 12. HP: 75/75 MP: 16/16
 15854 | D:12     | Noticed a tengu warrior
 15859 | D:12     | Killed a tengu warrior
 15974 | D:12     | HP: 1/75 [manticore (7)]
 15975 | D:12     | Gained mutation: You have a pair of small horns on your
                  | head. [potion of mutation]
 15975 | D:12     | Gained mutation: Your mind is acute. (Int +2) [potion of
                  | mutation]
 15975 | D:12     | Mangled by a manticore

Levels and vault maps discovered:
D:1:      dpeg_arrival_shrine, layout_loops_ring, kennysheep_another_room,
          minmay_tripent
D:2:      layout_loops_corners, led_sif_pool, nicolae_overflow_hidden_temple,
          lemuel_coloured_pillars_altar, first_ration, kennysheep_nub,
          st_stairs_14, roderic_serpentine_path
D:3:      layout_basic, serial_curves, eino_curves_01, eino_curves_04,
          kennysheep_crisscross, uniq_robin, uniq_crazy_yiuf_cottage,
          uniq_natasha
D:4:      layout_loops_ring, xom_teletrap_fun, vehumet_altar_wand_db,
          kennysheep_little_box, hangedman_decor_growths
D:5:      layout_loops_ring, marbit_many_paths, uniq_grinder, uniq_pikel
D:6:      layout_layer_cave, minmay_temple_entry_overgrown, serial_shops,
          nicolae_shop_waterfront, uniq_sigmund
D:7:      layout_rooms, lemuel_zombie_altar_kikubaaqudgha, hex_large
D:8:      layout_basic, grunt_temple_overflow_holy_war, uniq_gastronok
D:9:      layout_loops_ring, dancing_weapons_uskayaw, erik_lair_dragon
D:10:     minmay_opposing_rooms, layout_basic
D:11:     layout_loops_cross
D:12:     layout_rooms, basic_altar, the_bakery, uniq_josephine
Temple:   minmay_temple_curvy_loop

Skill      XL: |  1  2  3  4  5  6  7  8  9 10 11 12 |
---------------+-------------------------------------+-----
Stealth        | 6 7 8 9 10 13 15 | 15.6
Short Blades   | 3 4 5 7 9 10 | 10.0
Fighting       | 3 4 5 7 8 |  8.8
Dodging        | 2 6 7 |  7.7
Armour         | 4 |  4.6
Invocations    | 6 7 |  7.6
Throwing       | |  2.1

Action                   |  1- 3 |  4- 6 |  7- 9 | 10-12 || total
-------------------------+-------+-------+-------+-------++-------
Melee: Dagger            |    62 |   215 |   377 |   591 ||  1245
Throw: Dart              |       |    42 |     6 |       ||    48
Evoke: Wand              |       |       |    22 |     7 ||    29
  Use: Scroll            |       |       |    17 |     8 ||    25
       Potion            |       |       |     1 |     8 ||     9
 Stab: Sleeping          |    13 |    15 |    16 |    18 ||    62
       Distracted        |       |       |       |     4 ||     4
       Paralysed         |       |       |       |    16 ||    16
  Eat: Chunk             |     9 |    10 |    25 |    30 ||    74
       Ration            |       |       |     1 |       ||     1
Armor: Robe              |    11 |    15 |    17 |       ||    43
       Leather armour    |       |       |    13 |    79 ||    92
Dodge: Dodged            |    25 |   104 |   131 |   230 ||   490

Table legend:
 A = Non-vault XP
 B = Vault XP
 C = Vault XP percentage of total XP
 D = Non-vault monster count
 E = Vault monster count
 F = Vault count percentage of total count
                 A         B        C        D         E       F
            +---------+---------+-------+---------+---------+-------
      Total |   12615 |    6041 |  32.4 |     234 |      43 |  15.5
            +---------+---------+-------+---------+---------+-------
        D:1 |      23 |       3 |  11.5 |      13 |       2 |  13.3
        D:2 |     125 |       2 |   1.6 |      26 |       1 |   3.7
        D:3 |     169 |      72 |  29.9 |      30 |      14 |  31.8
        D:4 |     226 |       1 |   0.4 |       6 |       1 |  14.3
        D:5 |     183 |     771 |  80.8 |      10 |       3 |  23.1
        D:6 |     867 |     223 |  20.5 |      22 |       1 |   4.3
        D:7 |     630 |       6 |   0.9 |      18 |       5 |  21.7
        D:8 |    2329 |    2338 |  50.1 |      36 |       1 |   2.7
        D:9 |     881 |    1143 |  56.5 |      17 |       6 |  26.1
       D:10 |    1023 |    1271 |  55.4 |      11 |       8 |  42.1
       D:11 |    3630 |       0 |   0.0 |      26 |       0 |   0.0
       D:12 |    2529 |     211 |   7.7 |      19 |       1 |   5.0
            +---------+---------+-------+---------+---------+-------
